cohdb
Replays
Latest Replays
All Replays
Popular Replays
Top Player Replays
Match Explorer
How It Works
Community
CoH3 Stats
Reddit
Sign in to upload your games and track your stats! →
Sign in with Steam
Match 45763676
Unlisted
Match 45763676
Overview
Messages
Build Orders
End
Engineer Squad
Selects Special Operations Battlegroup
Selects M29 Weasel Recon Vehicle
M29 Weasel Recon Vehicle
Construct Weapon Support Center
M1919 Machine Gun Team
M1919 Machine Gun Team
Selects Smoke Screen
Air Support Center
Bazooka Squad
Grasshopper Recon Run
P-47 Dive Bomb
Construct Motor Pool
M8 Greyhound Armored Car
Selects SSF Commando Squad
Construct Medical Station
SSF Commando Squad
Grasshopper Recon Run
P-47 Dive Bomb
K̳itsuné
Manitou
0
0
Comments
sign in to comment!
No comments posted yet!